Map: Lightshade LE

Players

JimRising

  • Race: Zerg Zerg

SpeCial - Winner!

  • Race: Terran Terran

Event: DreamHack SC2 Masters 2021 Winter

VOD

Have the link to the VOD?

Description

Time

  • Played on: Sept. 29, 2021, 4:21 p.m.
  • Length: 12:18

All games in this series

Show
View Real Time Build Order
Export as new Build Order

JimRising Zerg 

Build Orders: Hatch First 

Get SALT Encoding   

  12  0:00  Drone  
  13  0:13  Overlord  
  13  0:17  Drone  
  14  0:32  Drone  
  14  0:33  Drone  
  16  0:51  Hatchery  
  16  0:53  Drone  
  16  0:56  Drone  
  17  0:58  Drone  
  18  1:04  Extractor  
  17  1:16  Drone  
  17  1:17  Spawning Pool  
  17  1:19  Drone  
  18  1:30  Drone  
  19  1:40  Drone  
  20  1:49  Overlord  
  20  2:04  Queen x2  
  20  2:05  Zergling x4  
  20  2:06  Metabolic Boost  
  26  2:12  Zergling x2  
  26  2:15  Zergling x2  
  28  2:24  Zergling x2  
  28  2:28  Zergling x2  
  28  2:29  Baneling Nest  
  29  2:36  Zergling x4  
  30  2:46  Roach Warren  
  30  2:48  Drone x2  
  32  2:59  Overlord  
  32  3:00  Overlord  
  32  3:07  Overlord  
  32  3:08  Drone  
  33  3:18  Overlord  
  35  3:27  Roach x3  
  35  3:31  Roach  
  35  3:33  Roach  
  36  3:43  Roach x2  
  36  3:45  Roach  
  42  3:49  Roach  
  42  3:53  Roach  
  46  3:57  Roach  
  46  4:00  Zergling x2  
  46  4:02  Zergling x2  
  50  4:09  Zergling x4  
  50  4:15  Zergling x4  
  50  4:21  Ravager  
  50  4:22  Zergling x6  
  52  4:27  Zergling x4  
  51  4:35  Roach  
  51  4:37  Zergling x4  
  54  4:40  Zergling x2  
  54  4:44  Zergling x2  
  54  4:57  Zergling x2  
  54  4:58  Ravager, Zergling x6  
  59  5:06  Roach  
  61  5:07  Zergling x2  
  61  5:11  Zergling x6  
  62  5:24  Roach  
  62  5:25  Zergling x4  
  62  5:28  Roach  
  67  5:34  Zergling x2  
  68  5:48  Drone x2  
  67  5:52  Queen x2  
  47  6:13  Drone x8  
  47  6:14  Drone x2  
  49  6:22  Drone x2  
  48  6:30  Lair, Spore Crawler  
  45  6:35  Roach  
  45  6:36  Roach  
  45  6:39  Roach  
  49  6:45  Drone, Spore Crawler  
  49  6:50  Spore Crawler  
  49  6:51  Roach x2  
  49  6:53  Extractor  
  51  7:00  Drone  
  51  7:01  Drone x2  
  54  7:03  Spore Crawler  
  54  7:04  Extractor  
  54  7:07  Queen  
  54  7:09  Zergling x2  
  54  7:13  Spore Crawler  
  54  7:17  Spore Crawler  
  54  7:18  Zergling x6  
  56  7:23  Spore Crawler  
  56  7:29  Overseer  
  57  7:31  Drone x4  
  57  7:32  Drone x3  
  63  7:40  Drone  
  63  7:41  Drone x2  
  64  7:48  Roach  
  64  7:49  Roach  
  68  7:53  Extractor  
  67  8:06  Queen  
  67  8:07  Queen  
  68  8:17  Drone x2  
  68  8:18  Overlord x2  
  67  8:24  Drone x2  
  68  8:29  Spire  
  67  8:34  Drone  
  67  8:35  Overlord x2  
  68  8:45  Pneumatized Carapace  
  68  8:46  Drone x4  
  68  8:48  Drone x2  
  74  9:09  Hatchery  
  72  9:16  Overlord  
  72  9:49  Mutalisk x7  
  72  9:50  Mutalisk x2  
  90  9:56  Drone  
  90  9:57  Drone x7  
  98  10:07  Mutalisk  
  97  10:08  Mutalisk  
  97  10:13  Baneling Nest  
  100  10:15  Drone  
  100  10:19  Mutalisk  
  103  10:32  Zergling x8  
  103  10:33  Zergling x2, Overlord x2  
  108  10:36  Mutalisk  
  108  10:40  Mutalisk  
  110  10:53  Mutalisk x2  
  110  10:54  Overlord  
  110  10:55  Drone x3  
  110  10:56  Drone  
  118  10:57  Extractor  
  118  10:58  Extractor  
  107  11:17  Drone x2  
  109  11:22  Drone x4  
  109  11:23  Drone x5  
  118  11:38  Zergling x8  
  118  11:39  Baneling x2, Hatchery  
  121  11:40  Baneling  
  121  11:46  Zergling x8  
  125  11:50  Baneling x3  
  125  11:51  Baneling x4  
  125  11:52  Baneling  
  121  11:57  Zergling x2  
  121  11:58  Zergling x6  
Show
View Real Time Build Order
Export as new Build Order

SpeCial Terran - Winner!

Build Orders: Gas First Reaper Expand, Hellion Banshee 

Get SALT Encoding   

  12  0:00  SCV  
  13  0:12  SCV  
  14  0:17  Supply Depot  
  14  0:24  SCV  
  14  0:27  Refinery  
  15  0:39  SCV  
  16  0:45  Barracks  
  16  0:51  SCV  
  17  1:03  SCV  
  18  1:15  SCV  
  19  1:31  Orbital Command  
  19  1:32  Reaper  
  20  1:42  Command Center  
  20  1:54  Factory  
  20  1:58  SCV  
  21  2:06  Barracks Reactor  
  21  2:09  Supply Depot  
  21  2:10  SCV  
  23  2:22  SCV  
  23  2:28  Refinery  
  23  2:34  SCV  
  24  2:47  SCV  
  29  2:51  Hellion x2  
  29  2:52  Reaper  
  29  2:56  Orbital Command  
  30  2:59  SCV  
  30  3:01  Armory  
  31  3:06  Supply Depot  
  33  3:12  Hellion  
  33  3:13  Hellion  
  33  3:15  SCV  
  36  3:21  SCV  
  36  3:25  Reaper  
  37  3:35  Hellion  
  37  3:36  Hellion  
  37  3:40  SCV  
  36  3:45  SCV  
  37  3:53  SCV  
  38  3:57  Hellion x2  
  38  3:58  Starport  
  42  4:05  SCV  
  42  4:07  SCV  
  42  4:08  Reaper  
  43  4:17  SCV  
  43  4:19  SCV  
  43  4:21  Supply Depot  
  43  4:24  Hellion x2  
  47  4:30  SCV  
  48  4:31  SCV  
  48  4:38  Starport Tech Lab  
  48  4:42  SCV  
  48  4:43  SCV  
  48  4:44  Marine  
  51  4:46  Hellion  
  55  4:54  SCV  
  55  4:55  SCV  
  55  4:56  Hellion  
  55  4:58  Banshee  
  58  5:06  Cloaking Field, SCV  
  59  5:12  Supply Depot  
  53  5:32  Supply Depot  
  54  5:36  SCV  
  54  5:38  Supply Depot  
  50  5:56  Orbital Command  
  48  5:59  Hellion, SCV, Banshee  
  28  6:11  SCV  
  28  6:14  Marine  
  26  6:23  SCV  
  27  6:26  SCV  
  27  6:30  Hellion  
  27  6:31  Marine  
  31  6:36  SCV  
  31  6:38  SCV  
  33  6:42  Banshee  
  33  6:46  Supply Depot  
  36  6:48  SCV  
  36  6:50  SCV  
  38  6:54  Supply Depot  
  38  6:55  Hellion  
  38  6:59  Barracks Reactor  
  38  7:00  SCV  
  41  7:02  SCV  
  42  7:12  SCV  
  42  7:15  SCV  
  44  7:24  SCV  
  44  7:26  Banshee, Orbital Command  
  44  7:27  Command Center  
  48  7:36  SCV  
  49  7:38  Factory Tech Lab  
  49  7:39  Marine x2  
  51  7:47  Barracks  
  51  7:48  SCV  
  51  7:49  Barracks  
  52  7:51  SCV  
  52  7:57  Marine x2  
  52  7:58  Siege Tank  
  58  8:00  SCV  
  58  8:03  SCV  
  58  8:12  SCV  
  58  8:14  Marine  
  58  8:15  SCV  
  60  8:21  Starport Reactor  
  60  8:22  Marine  
  60  8:24  SCV  
  60  8:26  Engineering Bay  
  62  8:36  Supply Depot  
  62  8:38  SCV x2, Marine  
  62  8:40  Supply Depot, Orbital Command  
  65  8:45  Marine  
  65  8:46  Stimpack  
  65  8:47  Marine  
  67  8:49  Supply Depot, Marine  
  67  8:50  SCV x2  
  67  8:53  Terran Infantry Weapons Level 1  
  70  9:02  SCV x2, Marine  
  73  9:03  Marine  
  73  9:08  Hellion x2  
  73  9:09  Medivac  
  73  9:10  Medivac  
  73  9:15  SCV x2  
  77  9:18  Missile Turret  
  77  9:19  Supply Depot  
  77  9:22  Factory Tech Lab, Marine  
  77  9:23  Marine x2  
  79  9:28  Factory Reactor  
  78  9:31  SCV x2  
  78  9:33  SCV  
  78  9:37  Combat Shield  
  81  9:40  Orbital Command  
  81  9:45  Supply Depot  
  81  9:48  Barracks x2  
  81  9:49  SCV, Refinery  
  81  9:50  Refinery  
  81  9:51  Missile Turret  
  82  9:53  SCV  
  82  9:59  Marine  
  83  10:00  Marine x2  
  83  10:01  Marine  
  83  10:03  Missile Turret  
  83  10:04  SCV  
  88  10:07  Widow Mine  
  88  10:08  SCV  
  88  10:10  Widow Mine  
  93  10:17  SCV  
  94  10:22  Marine x4  
  94  10:24  Supply Depot  
  94  10:27  SCV  
  94  10:28  Missile Turret  
  99  10:33  Engineering Bay  
  99  10:36  SCV  
  99  10:37  SCV  
  99  10:40  Marine x3  
  104  10:45  Marine  
  104  10:48  Missile Turret, SCV  
  99  10:55  SCV  
  93  10:58  Marine x3  
  93  11:03  Widow Mine, Marine  
  93  11:04  Widow Mine  
  98  11:06  Medivac  
  98  11:07  SCV  
  100  11:12  SCV  
  100  11:15  Marine  
  100  11:16  Marine x2  
  100  11:17  Barracks Reactor x2  
  98  11:24  Barracks Reactor  
  98  11:25  Widow Mine x2  
  102  11:27  Supply Depot x2  
  102  11:30  Supply Depot  
  102  11:33  Marine x2  
  102  11:36  SCV x2  
  102  11:37  SCV  
  107  11:43  Marine  
  108  11:49  SCV  
  108  11:51  Marine x2  
  108  11:52  Marine  
  112  11:56  Marine x2  

Tags
 
Add a new tag
Caveats
  • Supply blocks, unpowered buildings, or Contaminate may cause inaccurate times.
  • Supply counts are checked every 10 seconds.